 Dungeon Crawl Stone Soup version 0.21.1-1-g345015f (webtiles) character file.

396 Figureslego113 the Cutter (level 7, -1/50 HPs)
             Began as a Human Assassin on July 19, 2018.
             Was an Initiate of Dithmenos.
             Slain by a gnoll
             ... wielding a +0 spear
              (5 damage)
             ... on level 4 of the Dungeon.
             The game lasted 00:15:15 (4894 turns).

Figureslego113 the Cutter (Human Assassin)          Turns: 4894, Time: 00:15:17

Health: -1/50      AC:  4    Str: 11    XL:     7   Next: 9%
Magic:  7/7        EV:  6    Int: 11    God:    Dithmenos [......]
Gold:   240        SH:  0    Dex: 17    Spells: 6/6 levels left

rFire    . . .     SeeInvis +   a - +3 dagger
rCold    . . .     Gourm    .   (no shield)
rNeg     . . .     Faith    .   c - +0 robe
rPois    .         Spirit   .   (no helmet)
rElec    .         Reflect  .   d - +1 cloak
rCorr    .         Harm     .   (no gloves)
MR       .....                  (no boots)
Stlth    +++.......             (no amulet)
HPRegen  0.16/turn              n - ring of see invisible
MPRegen  0.10/turn              (no ring)

@: held
A: no striking features
a: Renounce Religion


You were on level 4 of the Dungeon.
You worshipped Dithmenos.
Dithmenos was noncommittal.
You were near starving.

You visited 2 branches of the dungeon, and saw 5 of its levels.

You collected 240 gold pieces.

Inventory:

Hand Weapons
 a - a +3 dagger (weapon)
 b - a +0 blowgun
Missiles
 e - 22 poisoned needles
 f - 2 curare-tipped needles
Armour
 c - a +0 robe (worn)
 d - a +1 cloak (worn)
Jewellery
 i - an uncursed ring of magical power
 n - a ring of see invisible (left hand)
Wands
 k - a wand of flame (8)
 r - a wand of paralysis (12)
Scrolls
 j - 9 scrolls of identify
 o - 2 scrolls of noise {unknown}
 p - 2 scrolls of teleportation
 s - 3 scrolls of magic mapping {unknown}
 t - 2 scrolls of remove curse
Potions
 l - a potion of degeneration {unknown}
Books
 h - a book of Debilitation

   Spells                             Type                      Level
   a - Corona                         Hexes                        1
   b - Slow                           Hexes                        2
   c - Inner Flame                    Hexes/Fire                   3
   d - Portal Projectile              Hexes/Translocation          3
   e - Cause Fear                     Hexes                        4
   f - Leda's Liquefaction            Hexes/Earth                  4
Comestibles
 g - 8 rations


   Skills:
 - Level 2.0 Fighting
 + Level 7.1 Short Blades
 - Level 2.0 Throwing
 - Level 1.0 Dodging
 - Level 4.0 Stealth


You had 6 spell levels left.
You didn't know any spells.

Dungeon Overview and Level Annotations

Branches:
Dungeon (4/15)             Temple (1/1) D:4

Altars:
Ashenzari
Dithmenos
Fedhas
Gozag
Hepliaklqana
Kikubaaqudgha
Makhleb
Nemelex Xobeh
Trog
Vehumet
Yredelemnul
Zin
The Shining One
Lugonu


Message History

Things that are here:
a club; a gnoll corpse A gnoll comes into view.
It is wielding a spear.
The gnoll throws a throwing net.
The throwing net hits you.
You become entangled in the net!
You see here a throwing net.
You struggle against the net.
The gnoll shaman hits you with a whip.
The orc hits you from afar with a trident!
The gnoll hits you but does no damage.
You struggle against the net.
The gnoll shaman hits you but does no damage.
The orc hits you from afar with a trident.
You struggle against the net.
The gnoll hits you but does no damage.
The gnoll hits you from afar with a spear!
* * * LOW HITPOINT WARNING * * *
The gnoll shaman hits you with a whip!
* * * LOW HITPOINT WARNING * * *
The orc closely misses you.
The gnoll hits you from afar with a spear.
You die...

#.go..=.##≈≈≈§§#≈.#
#.......###⌠#⌠##≈.#
#........######≈≈.#
#.g%......# ##..#####
#.........# ###....... ##.#.#
#...######
#g.#g#######.#######.
####.##..............<..
##....og@###.....########
##....#gg<....#..........#
#..........####..........#
####..#.....................#
#.....#.P.P.#.##.............
#........>..#.#..(..........#
#.......P.P.#................
#.....#.....#................
#.....##.####................


You could see a gnoll shaman, 3 gnolls and an orc.

Vanquished Creatures
  A bullfrog (D:4)
  A bullfrog skeleton (D:4)
  A hound (D:4)
  An iguana (D:4)
  Natasha (D:2)
  Terence (D:3)
  A worker ant (D:4)
  5 adders
  A gnoll (D:4)
  2 oozes
  3 dart slugs (D:1)
  4 leopard geckos
  13 orcs
  6 bats
  4 giant cockroaches
  8 hobgoblins
  5 jackals
  9 kobolds
  A quokka (D:3)
  A ball python (D:4)
  7 frilled lizards
  6 goblins
  A quokka skeleton (D:4)
  10 rats
93 creatures vanquished.

Notes
Turn   | Place    | Note
-------+----------+-------------------------------------------
     0 | D:1      | Figureslego113 the Human Assassin began the quest for the Orb.
     0 | D:1      | Reached XP level 1. HP: 16/16 MP: 1/1
   319 | D:1      | Reached XP level 2. HP: 22/22 MP: 2/2
   392 | D:1      | Reached skill level 3 in Short Blades
   837 | D:1      | Reached XP level 3. HP: 23/27 MP: 3/3
  1507 | D:2      | Found a shattered altar of Ashenzari.
  1573 | D:2      | Reached skill level 4 in Short Blades
  1573 | D:2      | Reached XP level 4. HP: 20/33 MP: 4/4
  1760 | D:2      | Found a blossoming altar of Fedhas.
  1760 | D:2      | Found a hazy altar of Hepliaklqana.
  1859 | D:2      | Noticed Natasha
  2389 | D:2      | You fall through a shaft!
  2389 | D:3      | Found a basalt altar of Yredelemnul.
  2389 | D:3      | Noticed Terence
  2402 | D:3      | Killed Terence
  2402 | D:3      | Reached XP level 5. HP: 24/38 MP: 5/5
  2760 | D:2      | Killed Natasha
  2760 | D:2      | Reached skill level 5 in Short Blades
  3025 | D:3      | Found a glowing golden altar of the Shining One.
  3525 | D:4      | Found a burning altar of Makhleb.
  3550 | D:4      | Noticed a phantom
  3552 | D:4      | Reached XP level 6. HP: 44/44 MP: 6/6
  3576 | D:4      | Reached skill level 6 in Short Blades
  4272 | D:4      | Reached XP level 7. HP: 41/50 MP: 7/7
  4279 | D:4      | Reached skill level 7 in Short Blades
  4787 | D:4      | Found a staircase to the Ecumenical Temple.
  4800 | Temple   | Entered the Ecumenical Temple
  4846 | Temple   | Became a worshipper of Dithmenos the Shadowed
  4894 | D:4      | Slain by a gnoll

Skill      XL: |  1  2  3  4  5  6  7 |
---------------+----------------------+-----
Short Blades   | 3 4 5 6 7 |  7.1
Fighting       | |  2.0
Throwing       | |  2.0
Dodging        | |  1.0
Stealth        | |  4.0

Action                   |  1- 3 |  4- 6 |  7- 9 || total
-------------------------+-------+-------+-------++-------
Melee: Dagger            |   284 |   410 |    88 ||   782
  Use: Scroll            |     3 |     3 |       ||     6
       Potion            |     1 |     5 |     1 ||     7
 Stab: Sleeping          |     8 |     8 |       ||    16
  Eat: Chunk             |     2 |     9 |     1 ||    12
Armor: Robe              |    84 |    73 |     3 ||   160
       Skin              |       |    65 |    34 ||    99
Dodge: Dodged            |   161 |   185 |    14 ||   360
